 Dungeon Crawl Stone Soup version 0.17.2-1-ge4368a0 (webtiles) character file.

26627 Melancholia the Fighter (level 13, -5/108 HPs)
             Began as a Mummy Monk on Apr 20, 2017.
             Slain by a rakshasa (illusionary)
             ... wielding a +0 trident
              (15 damage)
             ... on level 10 of the Dungeon.
             The game lasted 00:37:24 (28014 turns).

Melancholia the Fighter (Mummy Monk)               Turns: 28014, Time: 00:37:24

Health: -5/108     AC: 14    Str: 15    XL:     13   Next: 0%
Magic:  21/21      EV: 19    Int: 13    God:
Gold:   404        SH:  7    Dex: 18    Spells: 0 memorised, 12 levels left

rFire  + . .     SeeInvis +       - Unarmed
rCold  + . .     Clarity  .     o - +1 leather armour of Loddufiq {rF+ MP+9 Int+3 SInv}
rNeg   + + +     SustAt   .     p - +2 buckler
rPois  ∞         Gourm    .     e - +2 helmet
rElec  .         Spirit   .     l - +2 cloak {MR+}
rCorr  .         Warding  .     q - +0 pair of gloves
rMut   .         Stasis   .     r - +1 pair of boots {Stlth+}
MR     ++...                    (no amulet)
Stlth  ++++......               (no ring)
                                k - ring of protection from fire

@: very resistant to hostile enchantments, stealthy
A: no food or potions, fire vulnerability, cold resistance 1, negative energy
resistance 3, torment resistance, unbreathing, in touch with death 1, restore
body
a: Self-Restoration


You were on level 10 of the Dungeon.
You were not hungry.

You visited 2 branches of the dungeon, and saw 15 of its levels.
You also visited: Sewer.

You collected 710 gold pieces.
You spent 306 gold pieces at shops.


Innate Abilities, Weirdness & Mutations

You do not eat or drink.
Your flesh is vulnerable to fire.
You are immune to poison.
Your flesh is cold resistant.
You are immune to negative energy.
You are immune to unholy pain and torment.
You can survive without breathing.
You are in touch with the powers of death.
You can restore your body by infusing magical energy.


   Skills:
 - Level 12.2 Fighting
 - Level 4.0 Armour
 + Level 9.5 Dodging
 - Level 5.2 Stealth
 - Level 4.0 Shields
 - Level 11.0 Unarmed Combat


You had 12 spell levels left.
You didn't know any spells.

Inventory:

Hand Weapons
 f - the +7 Singing Sword
Armour
 e - a +2 helmet (worn)
 l - a +2 cloak of magic resistance (worn)
 o - the +1 leather armour of Loddufiq (worn) {rF+ MP+9 Int+3 SInv}

   It affects your intelligence (+3).
   It protects you from fire.
   It affects your magic capacity (+9).
   It lets you see invisible.
 p - a +2 buckler (worn)
 q - a +0 pair of gloves (worn)
 r - a +1 pair of boots of stealth (worn)
 v - a +2 shield of protection
Jewellery
 k - a ring of protection from fire (left hand)
Scrolls
 a - 10 scrolls of remove curse
 b - 3 scrolls of enchant weapon
 d - 5 scrolls of recharging
 g - 4 scrolls of amnesia
 h - 3 scrolls of random uselessness
 i - 2 scrolls of brand weapon
 j - 4 scrolls of magic mapping
 m - 4 scrolls of fog
 n - 7 scrolls of teleportation {@r4}
 s - 3 scrolls of noise {!r}
 u - 3 scrolls of identify {@r1}

Dungeon Overview and Level Annotations

Branches:
Dungeon (10/15)            Temple (0/1) D:4            Lair (5/8) D:8
  Swamp (0/4) Lair:4
  Snake: Lair:3-6    Spider: Lair:3-6       Orc: D:9-12

Altars:
Ashenzari
Dithmenos
Elyvilon
Gozag
Kikubaaqudgha
Trog
Yredelemnul
Zin

Shops:
D:9 [:*

Annotations:
D:10 2 runed doors
Lair:2 exclusion: hydra

▒ ▒▒▒▒▒▒▒▒▒▒▒
▒..........
▒▒▒▒▒..▒▒▒▒▒▒▒▒
▒.....▒▒ ▒
▒▒▒▒▒▒.▒▒..▒
▒.RM....▒▒.▒
▒R▒▒▒▒..▒..▒ ▒)
▒▒▒..▒..▒ ▒.
▒.......▒▒▒▒++▒▒▒
▒.▒▒.▒.......8▒..▒8.
▒........▒...'...['.
▒........▒...8▒▒▒▒8.
▒..................
▒........(....▒▒▒▒.


You could see 2 rakshasas.


Message History

* * * don't die
* * * The rakshasa completely misses you!
You take 18 damage, and have 23/108 hp!
You pulverise the rakshasa but do no damage!
The rakshasa is almost dead!
You pound the rakshasa into fine dust!
The rakshasa is almost dead!
You block the rakshasa's attack! The rakshasa misses you!
You squash the rakshasa like an ant!!!
The rakshasa is almost dead!
The rakshasa barely misses you! The rakshasa closely misses you!
You pound the rakshasa into fine dust!
The rakshasa is almost dead!
You barely miss the rakshasa!
The rakshasa is almost dead!
The rakshasa closely misses you! The rakshasa misses you!
You barely miss the rakshasa!
The rakshasa is almost dead!
The rakshasa hits you but does no damage!
The rakshasa hits you with a trident! * * * don't die
* * * You take 5 damage, and have 19/108 hp!
You pummel the rakshasa but do no damage!
The rakshasa is almost dead!
You squash the rakshasa but do no damage!
The rakshasa is almost dead!
The rakshasa hits you with a trident!!! * * * don't die
* * * The rakshasa hits you from afar with a trident!!! rip

Action                   |  1- 3 |  4- 6 |  7- 9 | 10-12 | 13-15 || total
-------------------------+-------+-------+-------+-------+-------++-------
Melee: Unarmed           |   176 |   256 |   706 |  1554 |    51 ||  2743
 Abil: Self-Restoration  |       |       |       |       |     1 ||     1
  Use: Scroll            |       |       |    10 |     7 |       ||    17
 Stab: Sleeping          |     3 |     1 |     8 |    10 |       ||    22
       Distracted        |       |     1 |     1 |       |       ||     2

Vault maps used:
D:1:      minmay_arrival_split_and_join
D:2:      kennysheep_generic_room_15, uniq_terence, uniq_robin
D:3:      elyvilon_altar_4, minmay_misc_feat_cross, uniq_crazy_yiuf_cottage
D:4:      old_forge, minmay_temple_entry_purple_smoke, first_bread,
          yredelemnul_altar_generic
D:5:      cheibrodos_ashenzari_chains, nicolae_overflow_hidden_temple,
          portal_sewer_entry_f, hangedman_decor_opposing, uniq_sigmund
D:6:      old_standard_altar, minivault_5, uniq_menkaure
D:8:      minmay_tri_box, dpeg_lair_monsters, serial_bayou,
          serial_bayou_shore_b, serial_bayou_pond_c, serial_bayou_ford_a
D:9:      serial_shops, shop, nicolae_shop_competitors_out_of_business, shop
D:10:     hangedman_ranch, minmay_misc_feat_diagonals, jmf_multi_god_temple2,
          uniq_joseph, uniq_grum, uniq_erolcha
Lair:1:   beast_lair_carwin_11
Lair:2:   cheibrodos_lair_reptile_den, infiniplex_staircase_pool,
          serial_bayou_shore_b, serial_bayou_shore_b, serial_bayou_shore_a,
          grunt_megastairs_4
Lair:4:   minmay_swamp_entry_worms
Lair:5:   guppyfry_snake_entry_garden, grunt_forest_stairs_clearing,
          serial_bayou_shore_b
Sewer:    sewer_minmay_treatment

Notes
Turn   | Place    | Note
--------------------------------------------------------------
     0 | D:1      | Melancholia the Mummy Monk began the quest for the Orb.
     0 | D:1      | Reached XP level 1. HP: 18/18 MP: 1/1
   349 | D:1      | Reached XP level 2. HP: 24/24 MP: 2/2
  1109 | D:2      | Reached skill level 4 in Unarmed Combat
  1154 | D:2      | Noticed Robin
  1188 | D:1      | Reached XP level 3. HP: 25/29 MP: 3/3
  1403 | D:1      | Killed Robin
  1798 | D:2      | Noticed Terence
  1813 | D:2      | Reached XP level 4. HP: 35/35 MP: 4/4
  1912 | D:2      | Killed Terence
  2283 | D:3      | Reached skill level 5 in Unarmed Combat
  2352 | D:3      | Found a white marble altar of Elyvilon.
  2747 | D:3      | Reached XP level 5. HP: 14/41 MP: 5/5
  3590 | D:3      | Noticed Crazy Yiuf
  3601 | D:3      | Killed Crazy Yiuf
  3601 | D:3      | Reached skill level 6 in Unarmed Combat
  3601 | D:3      | Reached XP level 6. HP: 34/47 MP: 4/6
  3917 | D:4      | Found a basalt altar of Yredelemnul.
  4176 | D:4      | Reached skill level 7 in Unarmed Combat
  4183 | D:4      | Reached XP level 7. HP: 48/52 MP: 7/7
  4545 | D:4      | Found a staircase to the Ecumenical Temple.
  5246 | D:5      | Entered Level 5 of the Dungeon
  5341 | D:5      | Found a glowing drain.
  5355 | D:5      | Reached skill level 8 in Unarmed Combat
  5394 | Sewer    | Entered a sewer
  5646 | Sewer    | Reached skill level 4 in Fighting
  6085 | D:5      | Reached XP level 8. HP: 48/61 MP: 8/8
  6200 | D:5      | Reached skill level 5 in Fighting
  6264 | D:5      | Got a twisted leather armour
  6282 | D:5      | Identified the cursed +1 leather armour of Loddufiq {rF+ MP+9 Int+3 SInv} (You found it on level 5 of the Dungeon)
  6325 | D:5      | Found an ancient bone altar of Kikubaaqudgha.
  6328 | D:5      | Found an opulent altar of Gozag.
  6370 | D:5      | Noticed Sigmund
  6389 | D:5      | Killed Sigmund
  6389 | D:5      | Reached skill level 6 in Fighting
  6498 | D:5      | Found a shattered altar of Ashenzari.
  6568 | D:5      | Reached skill level 7 in Fighting
  6699 | D:5      | Found a glowing silver altar of Zin.
  6699 | D:5      | Found a bloodstained altar of Trog.
  7077 | D:6      | Reached skill level 8 in Fighting
  7147 | D:6      | Noticed Menkaure
  7154 | D:6      | Killed Menkaure
  7154 | D:6      | Reached skill level 1 in Armour
  7307 | D:6      | Found a shadowy altar of Dithmenos.
  7313 | D:6      | Reached XP level 9. HP: 74/74 MP: 9/9
  7328 | D:6      | Reached skill level 2 in Armour
  7629 | D:4      | HP: 6/74 [worker ant (3)]
  7977 | D:6      | Reached skill level 3 in Armour
  8524 | D:6      | Reached skill level 4 in Armour
  8585 | D:6      | Reached skill level 3 in Dodging
  9141 | D:7      | Reached skill level 4 in Dodging
  9678 | D:8      | Noticed a komodo dragon
  9951 | D:8      | Reached skill level 5 in Dodging
 10025 | D:8      | Noticed a kobold demonologist
 10037 | D:8      | Noticed a sixfirhy
 10041 | D:8      | Killed a kobold demonologist
 10041 | D:8      | Reached skill level 2 in Shields
 10290 | D:8      | Noticed a five-headed hydra
 10767 | D:8      | Noticed an unseen horror
 10788 | D:8      | Killed an unseen horror
 10788 | D:8      | Reached skill level 4 in Shields
 10788 | D:8      | Reached XP level 10. HP: 45/80 MP: 10/10
 10847 | D:8      | Found a staircase to the Lair.
 11353 | D:7      | Killed a komodo dragon
 12028 | D:7      | Reached skill level 9 in Fighting
 12415 | D:8      | Noticed a shining eye
 12428 | D:8      | Killed a shining eye
 13177 | Lair:1   | Entered Level 1 of the Lair of Beasts
 13240 | Lair:1   | Reached skill level 9 in Unarmed Combat
 13280 | Lair:1   | Reached skill level 6 in Dodging
 13927 | Lair:1   | Reached skill level 7 in Dodging
 14285 | Lair:1   | Reached XP level 11. HP: 49/86 MP: 11/11
 15643 | Lair:2   | Reached skill level 10 in Fighting
 17179 | Lair:2   | Noticed an eight-headed hydra
 17855 | Lair:2   | You fall through a shaft!
 18099 | Lair:3   | Reached skill level 10 in Unarmed Combat
 18180 | Lair:3   | Identified a scroll of acquirement
 18310 | Lair:3   | Reached skill level 8 in Dodging
 18502 | Lair:3   | Noticed a four-headed hydra
 19318 | Lair:2   | HP: 5/87 [spiny frog (8)]
 21549 | Lair:3   | Killed a four-headed hydra
 21549 | Lair:3   | Reached skill level 11 in Fighting
 21549 | Lair:3   | Reached XP level 12. HP: 38/97 MP: 12/12
 22860 | Lair:4   | Reached skill level 12 in Fighting
 23433 | Lair:4   | Found a staircase to the Swamp.
 23870 | Lair:4   | HP: 9/99 [blink frog (12)]
 23871 | Lair:4   | HP: 3/99 [blink frog (6)]
 24538 | Lair:5   | Noticed a four-headed hydra
 24952 | Lair:4   | Killed a four-headed hydra
 25366 | Lair:4   | Reached skill level 11 in Unarmed Combat
 25452 | Lair:4   | Reached skill level 9 in Dodging
 26448 | D:9      | Found Qotysch's Book Shop.
 26572 | D:9      | Found Xiqeal's General Store.
 26580 | D:9      | Bought a scroll of teleportation for 48 gold pieces
 26641 | D:9      | Found Milamura's Armour Boutique.
 26645 | D:9      | Reached skill level 2 in Stealth
 26658 | D:9      | Bought a +2 shield of protection for 258 gold pieces
 26716 | D:10     | Entered Level 10 of the Dungeon
 26795 | D:10     | Reached skill level 3 in Stealth
 27117 | D:10     | Reached skill level 4 in Stealth
 27163 | D:10     | Found a large runed door.
 27163 | D:10     | Noticed a rakshasa
 27166 | D:10     | Found a large runed door.
 27458 | D:10     | Reached skill level 5 in Stealth
 27797 | D:10     | Noticed Grum
 27828 | D:10     | Killed Grum
 27828 | D:10     | Gained mutation: You are in touch with the powers of death. [Mummy growth]
 27828 | D:10     | Gained mutation: You can restore your body by infusing magical energy. [Mummy growth]
 27828 | D:10     | Reached XP level 13. HP: 95/105 MP: 13/13
 28014 | D:10     | HP: 10/108 [rakshasa (illusionary)/trident (10)]
 28014 | D:10     | Slain by a rakshasa (illusionary)

Vanquished Creatures
  2 hydras
  An unseen horror (D:8)
  3 hill giants (D:10)
  A griffon (Lair:2)
  A shining eye (shapeshifter) (D:8)
  8 spiny frogs
  2 centaur skeletons (D:10)
  A kobold demonologist (D:8)
  A fire drake (Lair:4)
  A polar bear (Lair:5)
  A tengu conjurer (D:7)
  A two-headed ogre (D:10)
  7 komodo dragons
  21 blink frogs
  13 yaks
  Sigmund (D:5)
  A spriggan (Lair:4)
  6 hippogriffs
  Grum (D:10)
  4 basilisks
  Menkaure (D:6)
  13 wolves
  11 water moccasins
  5 porcupines
  2 sky beasts
  2 ice beasts
  2 necrophages (D:8)
  2 centaurs (D:6)
  A black bear (D:7)
  2 phantoms
  8 ogres
  5 crocodiles
  An orc warrior (D:5)
  A big kobold (Sewer)
  A gnoll sergeant (D:6)
  A wyvern zombie (D:8)
  3 killer bees (D:10)
  18 giant frogs
  8 scorpions
  5 electric eels
  2 crimson imps
  2 giant frog zombies
  A quasit (D:6)
  9 orc wizards
  2 giant frog skeletons
  3 jellies
  Crazy Yiuf (D:3)
  3 hounds
  9 iguanas
  2 orc priests
  Terence (D:2)
  A killer bee zombie (D:7)
  4 sheep (Lair:2)
  12 worker ants
  A hound skeleton (D:4)
  A worker ant zombie (D:7)
  Robin (D:1)
  15 adders
  4 gnolls
  47 river rats
  A shadow imp (D:7)
  2 oozes
  3 adder skeletons
  5 giant geckos
  22 orcs
  5 ball pythons
  8 giant cockroaches
  5 hobgoblins
  12 jackals
  5 quokkas
  13 bats
  14 giant newts
  16 goblins
  A jackal skeleton (D:4)
  28 kobolds
  24 rats
  2 fungi
456 creatures vanquished.

Vanquished Creatures (others)
  7 fungi
  20 plants
27 creatures vanquished.

Grand Total: 483 creatures vanquished
